Map: Acolyte LE

Players

DnS - Winner!

  • Race: Protoss Protoss
  • Spawn Location: 7:00

SpeCial

  • Race: Terran Terran
  • Spawn Location: 1:00

Event: WCS Montreal 2017

VOD

Have the link to the VOD?

Description

Time

  • Played on: Sept. 8, 2017, 2:30 p.m.
  • Length: 13:35

All games in this series

Show
View Real Time Build Order
Export as new Build Order

DnS Protoss - Winner!

Build Orders: 1 Gate Expand, Oracle Opening, Phoenix Opening 

Get SALT Encoding   

  12  0:00  Probe (Chrono Boost)  
  13  0:11  Probe (Chrono Boost)  
  14  0:16  Pylon  
  14  0:22  Probe (Chrono Boost)  
  15  0:35  Probe (Chrono Boost)  
  16  0:36  Gateway  
  16  0:40  Assimilator  
  16  0:46  Probe (Chrono Boost)  
  17  0:56  Probe (Chrono Boost)  
  18  1:07  Probe (Chrono Boost)  
  19  1:18  Nexus  
  19  1:22  Probe (Chrono Boost)  
  20  1:32  Cybernetics Core  
  20  1:36  Probe (Chrono Boost)  
  21  1:44  Assimilator  
  21  1:46  Probe (Chrono Boost)  
  22  1:52  Pylon  
  22  1:57  Probe (Chrono Boost)  
  23  2:09  Probe (Chrono Boost), Warp Gate  
  23  2:10  Adept (Chrono Boost)  
  25  2:21  Probe  
  26  2:27  Stargate  
  26  2:29  Probe  
  26  2:33  Probe  
  28  2:38  Adept (Chrono Boost)  
  28  2:39  Probe  
  31  2:46  Probe  
  31  2:50  Probe  
  32  2:58  Probe  
  34  3:00  Probe  
  34  3:01  Adept (Chrono Boost)  
  37  3:10  Probe, Oracle (Chrono Boost)  
  41  3:12  Pylon  
  41  3:14  Probe  
  42  3:22  Probe  
  42  3:23  Robotics Facility  
  43  3:27  Probe  
  43  3:28  Pylon  
  44  3:34  Probe  
  44  3:38  Probe  
  46  3:42  Phoenix (Chrono Boost)  
  46  3:46  Probe  
  49  3:48  Probe  
  50  3:58  Probe, Pylon  
  50  3:59  Probe, Assimilator  
  52  4:04  Phoenix (Chrono Boost)  
  54  4:15  Probe  
  53  4:18  Probe  
  53  4:19  Observer (Chrono Boost)  
  52  4:28  Probe  
  52  4:29  Phoenix (Chrono Boost)  
  55  4:33  Probe  
  55  4:36  Pylon  
  56  4:40  Probe  
  56  4:45  Probe  
  53  4:49  Phoenix  
  53  4:52  Probe  
  54  4:57  Probe  
  54  4:59  Nexus  
  57  5:00  Pylon  
  57  5:04  Probe  
  58  5:09  Mothership Core  
  58  5:11  Phoenix  
  60  5:16  Probe, Observer (Chrono Boost)  
  60  5:21  Assimilator  
  64  5:23  Gateway  
  64  5:24  Gateway  
  64  5:28  Probe  
  64  5:30  Probe  
  66  5:40  Probe  
  67  5:46  Probe  
  66  5:53  Probe  
  64  5:58  Probe  
  65  6:05  Probe, Twilight Council  
  65  6:06  Forge  
  65  6:09  Probe  
  65  6:11  Probe  
  68  6:17  Probe  
  69  6:19  Observer (Chrono Boost), Phoenix  
  69  6:22  Probe  
  69  6:23  Probe  
  69  6:25  Stalker x3  
  76  6:27  Protoss Ground Weapons Level 1  
  76  6:28  Pylon  
  76  6:29  Probe  
  81  6:33  Probe  
  81  6:35  Probe  
  83  6:41  Probe  
  83  6:42  Resonating Glaives (Chrono Boost)  
  83  6:46  Probe  
  85  6:47  Probe  
  85  6:49  Phoenix  
  85  6:53  Probe  
  89  6:58  Probe  
  89  6:59  Probe, Gateway  
  89  7:01  Gateway x2  
  91  7:03  Sentry  
  91  7:04  Sentry, Adept  
  91  7:05  Probe  
  91  7:06  Pylon  
  98  7:10  Probe  
  98  7:11  Probe  
  98  7:12  Pylon  
  98  7:14  Phoenix  
  100  7:16  Pylon  
  100  7:18  Probe  
  103  7:26  Probe  
  103  7:27  Probe  
  105  7:31  Assimilator  
  105  7:33  Assimilator  
  105  7:34  Stalker x2  
  105  7:36  Probe  
  107  7:43  Probe  
  108  7:46  Probe  
  109  7:53  Probe  
  109  7:55  Warp Prism  
  109  7:56  Robotics Bay  
  109  7:57  Robotics Facility  
  112  7:59  Gateway  
  112  8:01  Gateway  
  112  8:04  Probe x2  
  114  8:05  Pylon  
  114  8:13  Adept x4  
  114  8:17  Adept x2  
  125  8:24  Probe x3  
  120  8:36  Probe  
  120  8:41  Probe x2  
  123  8:45  Pylon  
  124  8:48  Probe  
  124  8:49  Pylon  
  124  8:57  Colossus (Chrono Boost)  
  124  9:00  Pylon  
  124  9:01  Colossus (Chrono Boost), Pylon  
  123  9:03  Pylon  
  123  9:06  Pylon  
  123  9:07  Extended Thermal Lance (Chrono Boost)  
  135  9:11  Protoss Ground Armor Level 1 (Chrono Boost), Blink  
  135  9:14  Photon Cannon  
  135  9:37  Pylon  
  134  9:42  Colossus  
  134  9:46  Colossus  
  140  9:54  Adept x2  
  140  9:55  Sentry, Stalker x3  
  140  9:59  Nexus  
  158  10:00  Probe x3, Pylon  
  156  10:22  Stalker x2  
  156  10:23  Stalker x5  
  168  10:34  Disruptor  
  168  10:36  Disruptor  
  168  10:38  Forge  
  168  10:39  Templar Archives  
  174  10:50  Adept x5  
  174  10:51  Adept  
  174  10:53  Probe x2  
  188  10:59  Charge, Pylon  
  188  11:04  Assimilator  
  188  11:05  Protoss Ground Weapons Level 2 (Chrono Boost)  
  188  11:06  Assimilator  
  188  11:12  Stalker x2  
  188  11:30  Protoss Ground Armor Level 2 (Chrono Boost)  
  188  11:31  Stalker x5  
  187  11:45  Stalker x3  
  187  11:49  Disruptor  
  180  11:57  Adept x5  
  190  12:06  Gateway  
  190  12:08  Gateway, Pylon  
  190  12:12  Stalker x3  
  190  12:36  Stalker x6  
  200  12:40  Photon Cannon  
  200  12:42  Photon Cannon  
  198  12:44  Dark Shrine, Pylon  
  198  12:58  Nexus  
  176  13:30  Zealot x2  
  176  13:31  Zealot x8  
Show
View Real Time Build Order
Export as new Build Order

SpeCial Terran 

Build Orders: 1/1/1, MMM Bio, Banshee Rush 

Get SALT Encoding   

  12  0:00  SCV  
  13  0:12  SCV  
  14  0:18  Supply Depot  
  14  0:24  SCV  
  15  0:28  Refinery  
  15  0:40  SCV  
  16  0:45  Barracks  
  16  0:52  SCV  
  17  1:04  SCV  
  18  1:16  SCV  
  20  1:33  Orbital Command, Marine  
  20  1:34  Factory  
  20  1:50  Supply Depot  
  20  1:51  Marine  
  20  1:54  Refinery  
  21  2:00  SCV  
  22  2:09  Marine  
  22  2:12  SCV  
  24  2:19  Starport, Widow Mine  
  26  2:25  SCV  
  26  2:28  Marine  
  28  2:33  Supply Depot  
  29  2:37  SCV  
  29  2:48  Marine  
  30  2:57  Command Center  
  30  3:00  Medivac  
  30  3:03  Factory Tech Lab  
  32  3:07  Barracks Tech Lab  
  32  3:08  Marine  
  32  3:10  SCV  
  34  3:15  Supply Depot  
  34  3:22  SCV  
  35  3:32  Widow Mine  
  37  3:35  SCV  
  37  3:39  Banshee, Cloaking Field  
  41  3:41  Barracks Reactor  
  41  3:47  Supply Depot  
  41  3:49  SCV  
  42  4:00  Widow Mine  
  42  4:01  SCV  
  45  4:13  SCV  
  46  4:17  Orbital Command  
  45  4:24  Banshee  
  45  4:25  SCV  
  49  4:32  Marine  
  49  4:33  Marine  
  49  4:37  SCV  
  52  4:49  SCV x2  
  52  4:51  Command Center  
  54  4:57  Factory Tech Lab  
  54  4:59  Marine x2  
  54  5:01  SCV  
  54  5:04  SCV  
  56  5:08  Supply Depot  
  56  5:13  SCV  
  57  5:17  Barracks  
  57  5:20  Siege Tank  
  60  5:23  Barracks, SCV  
  60  5:24  Marine x2  
  60  5:25  SCV  
  60  5:27  Starport Reactor  
  64  5:35  SCV  
  65  5:37  Refinery  
  65  5:38  SCV  
  65  5:39  Engineering Bay  
  65  5:40  Engineering Bay  
  64  5:47  SCV  
  62  5:50  Marine x2, SCV  
  65  5:59  SCV  
  65  6:02  SCV  
  65  6:03  Orbital Command  
  67  6:09  Terran Infantry Armor Level 1, Terran Infantry Weapons Level 1  
  67  6:11  Marine, SCV, Missile Turret  
  68  6:12  Refinery  
  68  6:14  Marine x2, SCV  
  70  6:21  Orbital Command  
  70  6:23  SCV  
  70  6:24  Supply Depot, Stimpack  
  70  6:25  Marine  
  72  6:26  Combat Shields  
  72  6:29  Marine  
  72  6:30  SCV  
  74  6:35  SCV  
  75  6:42  Marine x2  
  75  6:43  Medivac x2  
  81  6:48  SCV x3  
  84  6:56  Supply Depot  
  84  6:59  Barracks x2  
  84  7:00  SCV x2  
  86  7:02  Marine  
  86  7:03  Marine  
  86  7:04  SCV  
  86  7:08  Factory Reactor  
  89  7:10  Supply Depot  
  89  7:12  SCV x2  
  89  7:13  Medivac x2  
  89  7:15  Supply Depot  
  94  7:18  SCV  
  94  7:21  Missile Turret  
  95  7:24  SCV x2  
  95  7:26  Marine x2, Marauder  
  95  7:27  Marauder  
  100  7:30  SCV  
  100  7:36  SCV x2  
  103  7:42  SCV  
  103  7:43  Marine  
  103  7:44  Supply Depot, Marine  
  102  7:45  Medivac  
  102  7:46  Medivac  
  102  7:48  SCV x2, Marauder x2  
  117  7:52  Barracks Reactor, Barracks Tech Lab  
  113  8:00  SCV x2  
  113  8:03  Armory, SCV  
  113  8:05  Refinery x2  
  116  8:08  Marine x4  
  116  8:09  Marauder x2  
  124  8:14  SCV  
  124  8:15  SCV  
  120  8:22  Widow Mine  
  120  8:23  Liberator  
  120  8:25  Marine x2  
  120  8:26  Marine x2  
  126  8:29  Supply Depot  
  126  8:31  Marauder x2  
  126  8:32  Supply Depot x2  
  126  8:33  Liberator  
  130  8:37  Starport  
  131  8:42  Supply Depot  
  131  8:48  Marine x2  
  132  8:50  Marine  
  132  8:51  Terran Infantry Armor Level 2, Terran Infantry Weapons Level 2  
  137  9:00  Terran Ship Weapons Level 1  
  137  9:01  SCV  
  137  9:02  SCV  
  139  9:04  Supply Depot  
  139  9:05  SCV  
  139  9:07  Marine x4  
  139  9:08  Liberator, Marauder x2  
  148  9:16  Factory Reactor  
  148  9:18  Liberator  
  148  9:21  Marine  
  147  9:25  Marine  
  147  9:30  Marine  
  147  9:31  Marine, Marauder  
  150  9:34  Marine  
  150  9:35  Marauder  
  150  9:36  SCV  
  157  9:39  Supply Depot x2, Missile Turret  
  157  9:41  Supply Depot, SCV  
  157  9:47  Supply Depot  
  157  9:48  Supply Depot  
  157  9:54  Command Center  
  157  9:55  Ghost Academy, Marine  
  157  9:56  Marine x3  
  157  9:57  Marauder  
  157  9:58  Marauder  
  165  10:01  Marauder  
  165  10:07  SCV  
  165  10:12  SCV  
  165  10:19  Marine x3  
  165  10:20  Marauder  
  168  10:31  Viking x4  
  174  10:36  Supply Depot  
  174  10:39  Marine x3  
  174  10:41  Ghost  
  179  10:47  Ghost, Liberator x2  
  179  10:50  Liberator, Marauder  
  179  10:56  Marine  
  182  11:01  Viking, Marine x2  
  186  11:10  Marauder  
  197  11:11  Marauder  
  197  11:12  Marine  
  200  11:29  Marine  
  200  11:30  Marauder  
  174  11:47  Viking  
  174  11:54  Viking x2  
  162  11:56  Marine x3, Marauder  
  162  11:57  Marine, Marauder  
  162  11:59  Marauder  
  168  12:05  SCV x3  
  171  12:12  Planetary Fortress  
  171  12:13  Marine  
  171  12:14  Marine x2  
  171  12:15  Marine  
  172  12:17  SCV, Marauder  
  172  12:19  Marauder  
  172  12:20  Marauder  
  163  12:26  Medivac  
  163  12:27  Medivac  
  132  12:31  Marine x2  
  132  12:35  Marine x2  
  136  12:38  Medivac  
  136  12:39  SCV, Marauder  
  136  12:40  Marauder  
  136  12:41  Marauder  
  144  12:49  Sensor Tower, Marine, SCV, Missile Turret  
  144  12:50  SCV  
  147  12:51  SCV  
  147  12:56  Marine  
  149  12:59  Medivac  
  149  13:00  Marauder  
  149  13:01  SCV  
  149  13:02  Viking  
  156  13:08  Marine  
  156  13:09  Marauder  
  156  13:10  Marine  
  156  13:11  Marauder  
Tags
 
Add a new tag
Caveats
  • Supply blocks, unpowered buildings, or Contaminate may cause inaccurate times.
  • Supply counts are checked every 10 seconds.